 Dungeon Sprint DCSS version 0.29-a0-330-g52719c12eb (webtiles) character file.

Game seed: 581254090443140842

84 mhtbhm the Spear-Bearer (level 4, -5/41 HPs)
             Began as a Merfolk Berserker on Apr 12, 2022.
             Was a Priest of Trog.
             Killed from afar by an orc wizard (7 damage)
             ... with a magic dart
             ... in the Dungeon (Sprint IX: "|||||||||||||||||||||||||||||").
             The game lasted 00:00:11 (152 turns).

mhtbhm the Spear-Bearer (Merfolk Berserker)          Turns: 152, Time: 00:00:12

Health: -5/41      AC:  2    Str: 19    XL:     4   Next: 46%
Magic:  4/4        EV: 13    Int:  6    God:    Trog [***...]
Gold:   0          SH:  0    Dex: 13    Spells: 3/3 levels left

rFire   . . .      SeeInvis .   a - +0 spear
rCold   . . .      Faith    .   (no shield)
rNeg    . . .      Spirit   .   b - +0 animal skin
rPois   .          Reflect  .   (no helmet)
rElec   .          Harm     .   (no cloak)
rCorr   .          Rampage  .   (no gloves)
Will    .....      NoTele   +   (no boots)
Stlth   +.........              (no amulet)
HPRegen 0.13/turn               (no ring)
MPRegen 0.09/turn               (no ring)

@: on berserk cooldown, slowed, very slow
A: (nimble swimmer 2), mertail
a: Renounce Religion, Berserk, Trog's Hand


You were in the Dungeon.
You worshipped Trog.
Trog was most pleased with you.
You visited 1 branch

Inventory:

Hand Weapons
 a - a +0 spear (weapon)
Armour
 b - a +0 animal skin (worn)
Scrolls
 h - a scroll of blinking
Potions
 d - a potion of heal wounds
 e - a potion of haste
 f - 2 potions of magic
 g - a potion of berserk rage


   Skills:
 + Level 6.5 Fighting
 + Level 8.2 Polearms
 + Level 2.3 Armour
 + Level 4.3 Dodging


You had 3 spell levels left.
You didn't know any spells.
Your spell library was empty.

Dungeon Overview and Level Annotations

Branches:
Dungeon (1/1)

Altars:


Innate Abilities, Weirdness & Mutations

((You are very nimble when in or above water. (Stealth+, EV+, Speed+++)))
Your lower body shifts to a powerful aquatic tail in water.


Message History

You are exhausted.
You feel yourself slow down.
The orc throws a boomerang.
The boomerang hits you.
You hear some strange, mumbled words.
You are confused.
There is an open door, spattered with blood here.
Things that are here:
an iguana corpse; an iguana corpse You feel better.
Something hits you.
The orc throws a boomerang.
The boomerang barely misses you.
You hit something. Something hits you.
You closely miss something. Something hits you.
You hit something.
The orc throws a boomerang.
Something hits you.
You miss something. Something hits you but does no damage.
You hit something but do no damage. Something hits you.
The orc throws a boomerang.
The boomerang hits you. Something hits you but does no damage.
You hit something but do no damage.
You hear some strange, mumbled words.
Something tries to affect you, but you resist.
You hit something. Something hits you but does no damage.
You miss something. You punch something. Something hits you.
You miss something. Something hits you.
You miss something.
You hear some strange, mumbled words.
A magic dart appears from out of thin air!
The magic dart hits you.
* * * LOW HITPOINT WARNING * * *
You miss something. Something hits you.
* * * LOW HITPOINT WARNING * * *
The orc throws a boomerang.
You miss something.
The orc throws a boomerang.
The boomerang hits you.
* * * LOW HITPOINT WARNING * * *
Something hits you.
* * * LOW HITPOINT WARNING * * *
You miss something.
You hear some strange, mumbled words.
A magic dart appears from out of thin air!
The magic dart hits you!
You die... ▓▓▓▓▓▓▓▓▓▓▓▓▓▓▓▓▓▓ ▓<...†)....@{o...+ ▓▓▓▓▓▓▓▓▓▓▓▓▓▓▓▓▓▓

You could see an orc.

Vanquished Creatures
  A hound (D)
  2 iguanas (D)
  A dart slug (D)
  A hobgoblin (D)
  A kobold (D)
  2 rats (D)
8 creatures vanquished.

Notes
Turn   | Place    | Note
-------+----------+-------------------------------------------
     0 | D        | mhtbhm the Merfolk Berserker began the quest for the Orb.
     0 | D        | Reached XP level 1. HP: 18/18 MP: 1/1
    10 | D        | Reached ** piety under Trog
    17 | D        | Reached skill level 5 in Polearms
    17 | D        | Reached XP level 2. HP: 25/25 MP: 2/2
   129 | D        | Reached skill level 5 in Fighting
   129 | D        | Reached skill level 6 in Polearms
   129 | D        | Reached XP level 3. HP: 33/33 MP: 3/3
   132 | D        | Reached skill level 7 in Polearms
   137 | D        | Reached *** piety under Trog
   138 | D        | Reached skill level 8 in Polearms
   138 | D        | Reached XP level 4. HP: 41/41 MP: 4/4
   151 | D        | HP: 2/41 [something (1)]
   152 | D        | Killed from afar by an orc wizard

Illustrated notes

Levels and vault maps discovered:
D:        linesprint [early_d, line_temple, items_1, d_10, items_2, lair_1,
          lair_end, items_3, orc_1, orc_end, items_4, d_15, swamp_1, shoals_1,
          snake_1, spider_1, d_20, vaults_1, items_5, swamp_end, shoals_end,
          snake_end, spider_end, vaults_end, d_27, items_6, zot_1, zot_end,
          crypt_end, forest_end, elf_end, slime_end, tomb_end, abyss_end,
          pan_hell_end]

Skill      XL: |  1  2  3 |
---------------+----------+-----
Dodging        | 3 4 |  4.3
Fighting       | 4 5 6 |  6.5
Polearms       | 5 6 8 |  8.2
Armour         | 2 |  2.3

Action                   |  1- 3 |  4- 6 || total
-------------------------+-------+-------++-------
Melee: Spear             |    26 |    13 ||    39
       Punch             |       |     1 ||     1
Invok: Berserk           |     1 |       ||     1
  Use: Potion            |       |     1 ||     1
Armor: Animal skin       |     2 |     3 ||     5
Dodge: Dodged            |     5 |     1 ||     6

Table legend: (Time is in decaauts)
 A = Elapsed time spent in this place.
 B = Non-inter-level travel time spent in this place.
 C = Inter-level travel time spent in this place.
 D = Time resting spent in this place.
 E = Time spent auto-exploring this place.
 F = Levels seen in this place.
 G = Mean time per level.
                   A        B        C        D        E       F      G
               +--------+--------+--------+--------+--------+-----+--------+
         Total |    144 |    144 |      0 |    100 |      3 |   1 |  144.0 |
       Dungeon |    144 |    144 |      0 |    100 |      3 |   1 |  144.0 |
               +--------+--------+--------+--------+--------+-----+--------+

Top non-repeatable levels by time:
       D: 144 daAuts
